 Dungeon Crawl Stone Soup version 0.24-a0-520-g8fd06ad (webtiles) character file.

Game seed: 839448290244384330

70 torgal the Digger (level 4, 0/33 HPs)
             Began as a Hill Orc Earth Elementalist on July 24, 2019.
             Slain by a rat (1 damage)
             ... on level 2 of the Dungeon.
             The game lasted 00:06:50 (1646 turns).

torgal the Digger (Hill Orc Earth Elementalist)     Turns: 1646, Time: 00:06:51

Health: 0/33       AC:  3    Str: 10    XL:     4   Next: 22%
Magic:  7/7        EV: 12    Int: 16    God:
Gold:   22         SH:  0    Dex: 11    Spells: 4/8 levels left

rFire    . . .     SeeInvis .   b - +0 dagger
rCold    . . .     Gourm    .   (no shield)
rNeg     . . .     Faith    .   c - +0 robe
rPois    .         Spirit   .   (no helmet)
rElec    .         Reflect  .   (no cloak)
rCorr    .         Harm     .   r - +0 pair of gloves
MR       .....                  (no boots)
Stlth    +++.......             (no amulet)
HPRegen  0.11/turn              q - ring of stealth
MPRegen  0.10/turn              (no ring)

@: no status effects
A: no striking features
a: no special abilities


You were on level 2 of the Dungeon.
You were not hungry.

You visited 1 branch of the dungeon, and saw 2 of its levels.

You collected 22 gold pieces.

Inventory:

Hand Weapons
 b - a +0 dagger (weapon)
 g - a +0 club
 h - a +0 hand axe
 l - a +0 hunting sling
 s - a +0 quarterstaff
Missiles
 a - 17 poisoned darts (quivered)
 j - 62 arrows
Armour
 c - a +0 robe (worn)
 r - a +0 pair of gloves (worn)
Jewellery
 q - a ring of stealth (left hand)
Scrolls
 e - 2 scrolls of amnesia
 f - a scroll of teleportation {unknown}
 k - 2 scrolls of enchant weapon {unknown}
 n - a scroll of identify {unknown}
 o - 2 scrolls of magic mapping {unknown}
Potions
 i - a potion of ambrosia {unknown}
 m - a potion of heal wounds {unknown}
Comestibles
 d - 4 rations


   Skills:
 - Level 1.5 Dodging
 - Level 1.5 Stealth
 + Level 2.6 Spellcasting
   Level 0.6 Transmutations
 + Level 4.0 Earth Magic


You had 4 spell levels left.
You knew the following spells:

 Your Spells              Type           Power        Failure   Level  Hunger
a - Sandblast             Erth           ###...       3%          1    #......
b - Stone Arrow           Conj/Erth      #.....       26%         3    ###....

Your spell library contained the following spells:

 Spells                   Type           Power        Failure   Level  Hunger
 Passwall                 Tmut/Erth      #.......     11%         2    ##.....
 Petrify                  Tmut/Erth      #.......     58%         4    #####..
 Lee's Rapid Deconstruct  Erth           ###.......   71%         5    ######.


Dungeon Overview and Level Annotations

Branches:
Dungeon (2/15)

Altars:
Dithmenos


Message History

You hit the hobgoblin.
You kill the hobgoblin!
The kobold barely misses you. The rat closely misses you.
You closely miss the kobold. The kobold hits you but does no damage.
The rat bites you.
You barely miss the kobold. The kobold closely misses you.
The rat closely misses you.
You closely miss the kobold.
The kobold hits you with a +2 whip of pain.
The rat bites you but does no damage.
You hit the kobold but do no damage.
The kobold hits you with a +2 whip of pain.
* * * LOW HITPOINT WARNING * * *
The rat bites you.
* * * LOW HITPOINT WARNING * * *
You barely miss the kobold.
The kobold hits you with a +2 whip of pain.
* * * LOW HITPOINT WARNING * * *
The rat bites you.
You die...

##########
##........#######
#...............#
#..######.#####.#
####...# #.# #.#
......#.# #.# #.#
.###.#.###
.#.####.#
..###..... #
#.)@r.#
......####
#.###K.# ..#####
#..# .#.# #..#
.#.# #..# .#.#
...# ..## .#%#
..## . .. ...#


You could see a kobold and a rat.

Vanquished Creatures
  An adder (D:2)
  An ooze (D:1)
  A worm (D:2)
  A dart slug (D:1)
  A leopard gecko (D:1)
  4 giant cockroaches (D:1)
  4 goblins
  4 hobgoblins
  4 jackals (D:1)
  7 kobolds (D:1)
  A quokka (D:2)
  2 ball pythons
  11 bats
  2 frilled lizards (D:1)
  7 rats
51 creatures vanquished.

Notes
Turn   | Place    | Note
-------+----------+-------------------------------------------
     0 | D:1      | torgal the Hill Orc Earth Elementalist began the quest for
                  | the Orb.
     0 | D:1      | Reached XP level 1. HP: 14/14 MP: 3/3
   488 | D:1      | Reached XP level 2. HP: 20/20 MP: 2/4
   683 | D:1      | Reached XP level 3. HP: 8/26 MP: 2/6
  1371 | D:2      | Found a shadowy altar of Dithmenos.
  1428 | D:2      | Reached skill level 4 in Earth Magic
  1428 | D:2      | Reached XP level 4. HP: 14/33 MP: 3/7
  1599 | D:2      | Learned a level 3 spell: Stone Arrow
  1646 | D:2      | HP: 1/33 [kobold/+2 whip of pain (6)]
  1646 | D:2      | Slain by a rat

Levels and vault maps discovered:
D:1:      lemuel_arrival_muddy, layout_rooms
D:2:      layout_loops_ring, lemuel_coloured_pillars_altar, first_ration

Skill      XL: |  1  2  3 |
---------------+----------+-----
Spellcasting   | 2 |  2.6
Earth Magic    | 4 |  4.0
Dodging        | |  1.5
Stealth        | |  1.5
Transmutations | |  0.6

Action                   |  1- 3 |  4- 6 || total
-------------------------+-------+-------++-------
Melee: Unarmed           |    38 |       ||    38
       Hand axe          |    65 |       ||    65
       Quarterstaff      |     4 |       ||     4
       Dagger            |       |    18 ||    18
Throw: Dart              |       |     1 ||     1
 Cast: Sandblast         |    42 |     4 ||    46
  Use: Scroll            |     1 |       ||     1
  Eat: Chunk             |     3 |       ||     3
Armor: Robe              |    51 |     4 ||    55
Dodge: Dodged            |   111 |    20 ||   131

Table legend:
 A = Non-vault XP
 B = Vault XP
 C = Vault XP percentage of total XP
 D = Non-vault monster count
 E = Vault monster count
 F = Vault count percentage of total count
                 A         B        C        D         E       F
            +---------+---------+-------+---------+---------+-------
      Total |     101 |       0 |   0.0 |      51 |       0 |   0.0
            +---------+---------+-------+---------+---------+-------
        D:1 |      61 |       0 |   0.0 |      35 |       0 |   0.0
        D:2 |      40 |       0 |   0.0 |      16 |       0 |   0.0
            +---------+---------+-------+---------+---------+-------
